 Dungeon Crawl Stone Soup version 0.28-a0-1510-gd0f6b136d3 (webtiles) character file.

Game seed: 3600908253570711078

153 Bediveer the Skirmisher (level 5, -1/48 HPs)
             Began as a Minotaur Fighter on Jan 15, 2022.
             Was an Initiate of Okawaru.
             Slain by a gnoll (11 damage)
             ... on level 3 of the Dungeon.
             The game lasted 00:04:05 (2771 turns).

Bediveer the Skirmisher (Minotaur Fighter)          Turns: 2771, Time: 00:04:06

Health: -1/48      AC:  7    Str: 23    XL:     5   Next: 12%
Magic:  4/4        EV:  9    Int:  5    God:    Okawaru [......]
Gold:   200        SH:  4    Dex:  9    Spells: 4/4 levels left

rFire   . . .      SeeInvis .   a - +0 war axe
rCold   . . .      Faith    .   c - +0 buckler
rNeg    . . .      Spirit   .   b - +0 scale mail
rPois   .          Reflect  .   (helmet restricted)
rElec   .          Harm     .   (no cloak)
rCorr   .          Rampage  .   (no gloves)
Will    .....                   (no boots)
Stlth   ..........              (no amulet)
HPRegen 0.16/turn               (no ring)
MPRegen 0.09/turn               (no ring)

@: no status effects
A: horns 2, retaliatory headbutt
a: Renounce Religion


You were on level 3 of the Dungeon.
You worshipped Okawaru.
Okawaru was noncommittal.
You visited 1 branch of the dungeon, and saw 3 of its levels.

You collected 200 gold pieces.

Inventory:

Hand Weapons
 a - a +0 war axe (weapon)
 d - a +2 short sword of electrocution
Missiles
 k - a poisoned dart (quivered)
Armour
 b - a +0 scale mail (worn)
 c - a +0 buckler (worn)
Scrolls
 j - a scroll of teleportation {unknown}
 l - a scroll of immolation {unknown}
 m - a scroll of holy word {unknown}
Potions
 e - a potion of degeneration {unknown}
 f - a potion of haste {unknown}
 g - a potion of magic {unknown}
 h - a potion of cancellation {unknown}
 i - a potion of flight {unknown}


   Skills:
 + Level 5.5 Fighting
 + Level 4.8 Axes
 + Level 3.7 Armour
 - Level 3.6 Shields


You had 4 spell levels left.
You didn't know any spells.
Your spell library contained the following spells:

 Spells                   Type           Power      Damage    Failure   Level
 Dazzling Flash           Conj/Hex       0%         N/A       99%         3
 Agony                    Necr           0%         N/A       100%        5
 Silence                  Hex/Air        0%         N/A       100%        5


Dungeon Overview and Level Annotations

Branches:
Dungeon (3/15)

Altars:
Hepliaklqana
Nemelex Xobeh
Okawaru
Xom

Shops:
D:1 (


Innate Abilities, Weirdness & Mutations

You have a pair of horns on your head.
You reflexively headbutt those who attack you in melee.


Message History

You barely miss the goblin. You block the goblin's attack.
The gnoll closely misses you. The goblin hits you with a +0 dagger.
You closely miss the goblin.
The gnoll hits you from afar with a +4 halberd!
The goblin barely misses you.
You closely miss the goblin. Your headbutt misses the goblin.
The gnoll hits you but does no damage. The goblin hits you with a +0 dagger.
You are too injured to fight recklessly!
You are too injured to fight recklessly!
You are too injured to fight recklessly!
You are too injured to fight recklessly!
You are too injured to fight recklessly!
You are too injured to fight recklessly!
The goblin hits you with a +0 dagger.
You closely miss the goblin. You headbutt the goblin.
The goblin is heavily wounded.
The goblin closely misses you.
You closely miss the goblin.
The goblin is heavily wounded.
The gnoll barely misses you. You block the goblin's attack.
The gnoll barely misses you. The goblin closely misses you.
You furiously retaliate!
You headbutt the goblin!
You kill the goblin!
Okawaru accepts your kill.
Throw: 2 darts (poison)
Press: ? - help, Q - select action Shift-Dir - straight line, f - gnoll
Aim: a gnoll, wielding a +4 halberd (60% to hit)
You throw a poisoned dart. The poisoned dart hits the gnoll.
The gnoll hits you from afar with a +4 halberd!
* * * LOW HITPOINT WARNING * * *
An orc comes into view. It is wielding a +0 morningstar.
The orc shouts!
You hear a shout!
The orc hits you with a +0 mace.
* * * LOW HITPOINT WARNING * * *
The gnoll closely misses you.
The orc moves out of view.
You hit the orc.
The orc is heavily wounded.
The orc barely misses you. The gnoll closely misses you.
The gnoll hits you from afar with a +4 halberd!
You die...

##...##..............
######.##############.#
#....#..).......#
#....##########.# ###
#....##.........##..
#....##.#########.#
#....##.#### ##.g#
#..........###oo#
###.|.........>.@#.....#
.............###.# ≈≈≈.#
######.......# #.# ..≈#
#.......# #.# .≈#
#.......# #.# ≈#
#.......# #.# #
######### #.# ##. #


You could see a gnoll and 2 orcs.

Vanquished Creatures
  A bullfrog skeleton (D:3)
  A jelly (D:3)
  Terence (D:2)
  A gnoll (D:3)
  A worm (D:3)
  4 dart slugs
  An orc (D:3)
  4 bats
  8 endoplasms
  5 goblins
  A hobgoblin (D:2)
  3 jackals (D:1)
  6 kobolds
  4 ball pythons
  5 frilled lizards
  4 rats
50 creatures vanquished.

Vanquished Creatures (others)
  5 plants (D:2)
  2 toadstools (D:2)
7 creatures vanquished.

Grand Total: 57 creatures vanquished

Notes
Turn   | Place    | Note
-------+----------+-------------------------------------------
     0 | D:1      | Bediveer the Minotaur Fighter began the quest for the Orb.
     0 | D:1      | Reached XP level 1. HP: 19/19 MP: 0/0
   413 | D:1      | Reached skill level 4 in Fighting
   413 | D:1      | Reached XP level 2. HP: 27/27 MP: 1/1
   432 | D:1      | Found Omusorgh's Antique Weapon Emporium.
   975 | D:2      | Reached XP level 3. HP: 26/34 MP: 2/2
  1412 | D:2      | Noticed Terence
  1418 | D:2      | Killed Terence
  2255 | D:3      | Found a sparkling altar of Nemelex Xobeh.
  2382 | D:3      | Found an iron altar of Okawaru.
  2382 | D:3      | Found a shimmering altar of Xom.
  2385 | D:3      | Reached XP level 4. HP: 41/41 MP: 3/3
  2387 | D:3      | Became a worshipper of Warmaster Okawaru
  2440 | D:3      | Reached skill level 5 in Fighting
  2657 | D:3      | Reached XP level 5. HP: 45/48 MP: 4/4
  2690 | D:3      | Found a hazy altar of Hepliaklqana.
  2771 | D:3      | Slain by a gnoll

Illustrated notes

Levels and vault maps discovered:
D:1:      dpeg_chamrin_arrival_tetris, layout_rooms, serial_shops, shop,
          grunt_decor_arrowhead
D:2:      layout_basic, minmay_gold_behind_fungi, chequers_big_river,
          uniq_terence
D:3:      layout_basic, nicolae_ru_awakened_eye, nemelex_altar_shiori,
          mainiacjoe_overflow_boulevard,
          chequers_temple_overflow_statue_of_worship,
          dilly_ecumenical_altar_fadedgnrine

Skill      XL: |  1  2  3  4 |
---------------+-------------+-----
Fighting       | 4 5 |  5.5
Axes           | 3 4 |  4.8
Armour         | |  3.7
Shields        | |  3.6

Action                   |  1- 3 |  4- 6 || total
-------------------------+-------+-------++-------
Melee: War axe           |    73 |    40 ||   113
       Headbutt          |     7 |     7 ||    14
Throw: Dart              |       |     1 ||     1
  Use: Potion            |     1 |       ||     1
Armor: Scale mail        |    33 |    10 ||    43
Dodge: Dodged            |    32 |    21 ||    53
Block: Buckler           |    17 |    13 ||    30

Table legend: (Time is in decaauts)
 A = Elapsed time spent in this place.
 B = Non-inter-level travel time spent in this place.
 C = Inter-level travel time spent in this place.
 D = Time resting spent in this place.
 E = Time spent auto-exploring this place.
 F = Levels seen in this place.
 G = Mean time per level.
                   A        B        C        D        E       F      G
               +--------+--------+--------+--------+--------+-----+--------+
         Total |   2817 |   2695 |    122 |      0 |   2364 |   3 |  939.0 |
       Dungeon |   2817 |   2695 |    122 |      0 |   2364 |   3 |  939.0 |
               +--------+--------+--------+--------+--------+-----+--------+

Top non-repeatable levels by time:
     D:2: 1405 daAuts
     D:1: 829 daAuts
     D:3: 582 daAuts
